 Dungeon Crawl Stone Soup version 0.24.0-37-gcf1ca852f1 (webtiles) character file.

Game seed: 18434807840582179070, levelgen mode: deterministic

691 Froggeryz the Arsonist (level 7, -1/46 HPs)
             Began as a Human Fire Elementalist on Nov 26, 2019.
             Slain by Pikel
             ... wielding a +2 whip of freezing
              (3 damage)
             ... on level 4 of the Dungeon.
             The game lasted 00:11:00 (4655 turns).

Froggeryz the Arsonist (Human Fire Elementalist)    Turns: 4655, Time: 00:11:00

Health: -1/46      AC:  5    Str:  8    XL:     7   Next: 95%
Magic:  1/10       EV: 12    Int: 17    God:
Gold:   138        SH:  0    Dex: 14    Spells: 5/10 levels left

rFire    . . .     SeeInvis .   B - +0 rapier (venom)
rCold    . . .     Gourm    +   (no shield)
rNeg     . . .     Faith    .   a - +0 robe
rPois    .         Spirit   .   (no helmet)
rElec    .         Reflect  .   (no cloak)
rCorr    .         Harm     .   r - +0 pair of gloves
MR       .....                  C - +0 pair of boots
Stlth    ++........             s - amulet of the gourmand
HPRegen  0.15/turn              l - +1 ring of protection
MPRegen  0.12/turn              z - ring of wizardry

@: no status effects
A: no striking features
a: no special abilities


You were on level 4 of the Dungeon.
You were not hungry.

You visited 1 branch of the dungeon, and saw 4 of its levels.

You collected 138 gold pieces.

Inventory:

Hand Weapons
 f - a +1 dagger of venom
 w - a +0 falchion
 B - a +0 rapier of venom (weapon)
Missiles
 d - 12 boomerangs (quivered)
 A - 11 poisoned darts
Armour
 a - a +0 robe (worn)
 m - a +0 large shield
 r - a +0 pair of gloves (worn)
 C - a +0 pair of boots (worn)
Jewellery
 l - a +1 ring of protection (left hand)
 s - an amulet of the gourmand (around neck)
 z - a ring of wizardry (right hand)
Wands
 y - a wand of paralysis (3)
Scrolls
 b - 2 scrolls of enchant weapon {unknown}
 g - 2 scrolls of amnesia {unknown}
 i - 5 scrolls of enchant armour {unknown}
 j - 4 scrolls of identify
 q - 2 scrolls of teleportation
 t - a scroll of remove curse {unknown}
 u - a scroll of random uselessness {unknown}
Potions
 e - a potion of agility
 h - a potion of heal wounds
 k - a potion of degeneration {unknown}
 n - a potion of cancellation
 o - a potion of flight {unknown}
 p - a potion of might {unknown}
 v - a potion of invisibility {unknown}
 x - a potion of ambrosia {unknown}
Comestibles
 c - 6 rations


   Skills:
 - Level 2.0 Dodging
 - Level 2.0 Stealth
 - Level 2.0 Spellcasting
 - Level 1.0 Conjurations
 + Level 8.7 Fire Magic


You had 5 spell levels left.
You knew the following spells:

 Your Spells              Type           Power        Failure   Level  Hunger
a - Flame Tongue          Conj/Fire      ###..        1%          1    #......
b - Sticky Flame          Conj/Fire      ###.....     11%         4    #####..

Your spell library contained the following spells:

 Spells                   Type           Power        Failure   Level  Hunger
 Throw Flame              Conj/Fire      ###...       1%          2    ###....
 Conjure Flame            Conj/Fire      ###.....     3%          3    ###....
 Inner Flame              Hex/Fire       ###.....     4%          3    ###....
 Fireball                 Conj/Fire      ###.......   28%         5    ######.


Dungeon Overview and Level Annotations

Branches:
Dungeon (4/15)
 Temple: D:4-7

Altars:
Ashenzari

Annotations:
D:4 Pikel


Message History

You barely miss Pikel.
Pikel is almost dead.
Pikel hits you with a +2 whip of freezing.
Pikel freezes you.
You miss Pikel.
Pikel is almost dead.
The slave barely misses you. Pikel hits you but does no damage.
The slave barely misses you.
You closely miss Pikel.
Pikel is almost dead.
The slave hits you but does no damage.
Pikel hits you with a +2 whip of freezing.
Pikel freezes you. The slave hits you! x2
* * * LOW HITPOINT WARNING * * *
You completely miss Pikel.
Pikel is almost dead.
Pikel hits you with a +2 whip of freezing!
* * * LOW HITPOINT WARNING * * *
Pikel freezes you.
You die...

..# #.....##..#...#
#.####...# ##.####..
##.....<.###........
##....(..).#..(......
#.......#............
...#.....##.....[....
#..#. (#
#......#...#####.# .
#..##..###p##...#..## #..#
.. #..# #....@p##...#.#
##.## #..##..#
#..###K.#.....####..#.
......###.#
#................ #...##.#
##.......#....... #...<##
##........###.....
##..(.p###p........#
###...
...####...#.p..p.###......
#### .....p....####..##
##.... #.....###.## ##.##
#.##


You could see Pikel and 2 slaves.

Vanquished Creatures
  Eustachio (D:4)
  A phantom (D:3)
  2 slaves (D:4)
  An ogre (D:4)
  A howler monkey (D:4)
  3 orc priests (D:3)
  An orc wizard (D:3)
  10 adders
  2 oozes
  3 worms
  4 dart slugs
  4 leopard geckos
  12 orcs (D:3)
  5 bats
  2 giant cockroaches
  7 goblins
  12 hobgoblins
  6 jackals
  4 quokkas
  7 ball pythons
  6 frilled lizards
  12 kobolds
  7 rats
113 creatures vanquished.

Notes
Turn   | Place    | Note
-------+----------+-------------------------------------------
     0 | D:1      | Froggeryz the Human Fire Elementalist began the quest for
                  | the Orb.
     0 | D:1      | Reached XP level 1. HP: 13/13 MP: 3/3
    93 | D:1      | Reached XP level 2. HP: 19/19 MP: 1/5
   325 | D:1      | Reached skill level 4 in Fire Magic
   325 | D:1      | Reached XP level 3. HP: 12/24 MP: 0/6
  1297 | D:2      | Reached XP level 4. HP: 3/30 MP: 1/7
  1692 | D:2      | Reached skill level 5 in Fire Magic
  1918 | D:2      | Reached XP level 5. HP: 33/35 MP: 1/8
  2008 | D:2      | Found a shattered altar of Ashenzari.
  2673 | D:3      | Noticed a phantom
  2694 | D:3      | Killed a phantom
  2694 | D:3      | Reached skill level 6 in Fire Magic
  2694 | D:3      | Reached XP level 6. HP: 28/41 MP: 0/9
  3188 | D:3      | Reached skill level 7 in Fire Magic
  3514 | D:3      | Reached XP level 7. HP: 10/46 MP: 4/10
  4014 | D:3      | You fall into a shaft and drop 1 floor!
  4043 | D:4      | Learned a level 4 spell: Sticky Flame
  4081 | D:4      | Noticed Eustachio
  4101 | D:4      | Killed Eustachio
  4101 | D:4      | Reached skill level 8 in Fire Magic
  4625 | D:4      | Noticed Pikel
  4655 | D:4      | HP: 2/46 [Pikel/+2 whip of freezing (8)]
  4655 | D:4      | Slain by Pikel

Levels and vault maps discovered:
D:1:      lightli_arrival_chessboard, layout_basic, chequers_garden,
          minmay_tiny_reverse_x
D:2:      layout_rooms, ashenzari_conservatory_becter, interstate_on_off,
          st_stairs_1, minmay_snake_closets
D:3:      layout_basic, first_ration
D:4:      layout_layer_cave, uniq_eustachio, uniq_pikel

Skill      XL: |  1  2  3  4  5  6  7 |
---------------+----------------------+-----
Fire Magic     | 4 5 6 7 8 |  8.7
Dodging        | |  2.0
Stealth        | |  2.0
Spellcasting   | |  2.0
Conjurations   | |  1.0

Action                   |  1- 3 |  4- 6 |  7- 9 || total
-------------------------+-------+-------+-------++-------
Melee: Unarmed           |    28 |    52 |       ||    80
       Falchion          |       |     9 |    15 ||    24
       Dagger            |       |       |    24 ||    24
       Rapier            |       |       |    17 ||    17
Throw: Boomerang         |    20 |    38 |     6 ||    64
 Cast: Flame Tongue      |    55 |    96 |    18 ||   169
       Sticky Flame      |       |       |     6 ||     6
  Use: Potion            |       |     5 |       ||     5
       Scroll            |       |     2 |       ||     2
 Stab: Sleeping          |     1 |     3 |       ||     4
  Eat: Chunk             |     2 |    20 |     2 ||    24
Armor: Robe              |    11 |    38 |    13 ||    62
Dodge: Dodged            |    29 |    89 |    55 ||   173
       Rpst.: Falchion   |       |     5 |     4 ||     9
